 Dungeon Crawl Stone Soup version 0.27-a0-385-g3208abaabc (webtiles) character file.

Game seed: 296765265438415067

9 Chiseanne the Covered (level 2, 19/21 HPs)
             Began as a Demonspawn Wanderer on Feb 19, 2021.
             Quit the game on level 1 of the Dungeon.
             The game lasted 00:00:46 (137 turns).

Chiseanne the Covered (Demonspawn Wanderer)          Turns: 137, Time: 00:00:47

Health: 19/21      AC:  8    Str: 13    XL:     2   Next: 3%
Magic:  3/3        EV:  8    Int: 13    God:
Gold:   12         SH:  0    Dex: 11    Spells: 2/3 levels left

rFire    . . .     SeeInvis .   a - +0 shortbow
rCold    . . .     Faith    .   (shield currently unavailable)
rNeg     . . .     Spirit   .   b - +2 scale mail
rPois    .         Reflect  .   (no helmet)
rElec    .         Harm     .   (no cloak)
rCorr    .         Rampage  .   (no gloves)
Will     .....                  (no boots)
Stlth    ..........             (no amulet)
HPRegen  0.07/turn              (no ring)
MPRegen  0.08/turn              (no ring)

@: no status effects
A: talons 1
a: no special abilities


You were on level 1 of the Dungeon.
You visited 1 branch of the dungeon, and saw 1 of its levels.

You collected 12 gold pieces.

Inventory:

Hand Weapons
 a - a +0 shortbow (weapon)
Missiles
 c - 11 arrows (quivered ammo)
 f - 37 stones
Armour
 b - a +2 scale mail (worn)
Potions
 d - a potion of degeneration {unknown}
 e - a potion of resistance {unknown}
 g - a potion of curing {unknown}


   Skills:
 + Level 1.1 Fighting
 + Level 1.2 Axes
 + Level 1.9 Throwing
 + Level 2.7 Armour
 + Level 1.1 Spellcasting
 + Level 2.1 Conjurations


You had 2 spell levels left.
You knew the following spells:

 Your Spells              Type           Power        Failure   Level
a - Magic Dart            Conj           24%          47%         1

Your spell library contained the following spells:

 Spells                   Type           Power        Failure   Level
 Static Discharge         Conj/Air       3%           94%         3


Dungeon Overview and Level Annotations

Branches:
Dungeon (1/15)

Altars:


Innate Abilities, Weirdness & Mutations

You have sharp toenails.


Message History

A nearby plant withers and dies.
Things that are here:
an arrow; a +0 short sword; a kobold corpse You shoot an arrow.
The arrow hits the leopard gecko.
The leopard gecko is heavily wounded.
The leopard gecko bites you but does no damage.
The leopard gecko barely misses you.
You shoot an arrow.
The arrow barely misses the leopard gecko.
The arrow hits the plant!
The plant begins to die.
The plant is lightly damaged.
The leopard gecko bites you.
The kobold hits you but does no damage. x2
The leopard gecko bites you but does no damage.
You shoot an arrow. The arrow hits the leopard gecko.
You kill the leopard gecko!
The kobold hits you but does no damage.
You shoot an arrow. The arrow barely misses the kobold.
The kobold hits you but does no damage.
You shoot an arrow. The arrow barely misses the kobold.
A nearby plant withers and dies.
The kobold hits you but does no damage.
You shoot an arrow.
The arrow hits the kobold but does no damage.
The kobold hits you but does no damage. The kobold hits you with a +0 whip.
You shoot an arrow. The arrow hits the kobold!
You kill the kobold!
A bat comes into view.
You have reached level 2!
Your demonic ancestry asserts itself...
Your toenails lengthen and sharpen.
Your line of fire to the bat is blocked by a plant.
Continue anyway? [Y]es or [N]o only, please.
Your line of fire to the bat is blocked by a plant.
Continue anyway?
Your line of fire to the bat is blocked by a plant.
Continue anyway? [Y]es or [N]o only, please.
Your line of fire to the bat is blocked by a plant.
Continue anyway? [Y]es or [N]o only, please.
Your line of fire to the bat is blocked by a plant.
Continue anyway?
Okay, then.
Unknown command.
Are you sure you want to abandon this character and quit the game? (Confirm with "yes".)

############..(
##..>...(.......
##......(........
#................
#.....(........P♣
########.............PP♣
.................).....P
###....†.......@(.(....
#.##†#.......P..P....
#.##.#.........P.♣.Pb
####.#....###P..♣♣♣..♣ .
.....#.......PP♣♣ ♣♣♣
♣.♣♣##..#####..♣ P.♣
#..# #.P♣ ..♣ ....# #..♣
..♣ .##.#


You could see a bat.

Vanquished Creatures
  A leopard gecko (D:1)
  3 kobolds (D:1)
  A frilled lizard (D:1)
  3 rats (D:1)
8 creatures vanquished.

Vanquished Creatures (others)
  2 plants (D:1)
2 creatures vanquished.

Grand Total: 10 creatures vanquished

Notes
Turn   | Place    | Note
-------+----------+-------------------------------------------
     0 | D:1      | Chiseanne the Demonspawn Wanderer began the quest for the
                  | Orb.
     0 | D:1      | Chiseanne set off with the following items: a +0 shortbow,
                  | a +2 scale mail, 27 arrows; and the following spell
                  | memorised: Magic Dart; and the following spells available
                  | to memorise: Static Discharge
     0 | D:1      | Reached XP level 1. HP: 15/15 MP: 2/2
   137 | D:1      | Gained mutation: You have sharp toenails. [demonic
                  | ancestry]
   137 | D:1      | Reached XP level 2. HP: 19/21 MP: 3/3
   137 | D:1      | Quit the game

Illustrated notes

Levels and vault maps discovered:
D:1:      amcnicky_arrival_choice, layout_rooms, serial_forest,
          infiniplex_forest_clump_double, infiniplex_forest_clump_curved,
          infiniplex_forest_clump_long, infiniplex_forest_end_double,
          infiniplex_forest_straight_4, infiniplex_forest_clump_small,
          infiniplex_forest_clump_large

Action                   || total
-------------------------++-------
 Fire: Shortbow          ||    23
Armor: Scale mail        ||     7
Dodge: Dodged            ||     5

Table legend: (Time is in decaauts)
 A = Elapsed time spent in this place.
 B = Non-inter-level travel time spent in this place.
 C = Inter-level travel time spent in this place.
 D = Time resting spent in this place.
 E = Time spent auto-exploring this place.
 F = Levels seen in this place.
 G = Mean time per level.
                   A        B        C        D        E       F      G
               +--------+--------+--------+--------+--------+-----+--------+
         Total |    143 |    143 |      0 |      0 |     99 |   1 |  143.0 |
       Dungeon |    143 |    143 |      0 |      0 |     99 |   1 |  143.0 |
               +--------+--------+--------+--------+--------+-----+--------+

Top non-repeatable levels by time:
     D:1: 143 daAuts
